 Dungeon Crawl Stone Soup version 0.28-b1-1-g3c77fb2 (webtiles) character file.

Game seed: 15198443987978222037

38 BALLS the Slasher (level 3, -1/19 HPs)
             Began as a Vine Stalker Fighter on Jan 26, 2022.
             Killed from afar by an orc wizard (4 damage)
             ... with a puff of flame
             ... on level 2 of the Dungeon.
             The game lasted 00:03:43 (2389 turns).

BALLS the Slasher (Vine Stalker Fighter)            Turns: 2389, Time: 00:03:44

Health: -1/19      AC:  6    Str: 20    XL:     3   Next: 43%
Magic:  0/4        EV:  9    Int:  8    God:
Gold:   103        SH:  4    Dex: 13    Spells: 2/2 levels left

rFire   + . .      SeeInvis .   a - +0 long sword
rCold   . . .      Faith    .   c - +0 buckler
rNeg    . . .      Spirit   +   b - +0 scale mail
rPois   .          Reflect  .   (no helmet)
rElec   .          Harm     .   (no cloak)
rCorr   .          Rampage  .   (no gloves)
Will    .....                   (no boots)
Stlth   ..........              (no amulet)
HPRegen 0.06/turn               g - ring of protection from fire
MPRegen 0.09/turn               (no ring)

@: no status effects
A: fangs 2, magic shield, antimagic bite, no potion heal 2
a: no special abilities


You were on level 2 of the Dungeon.
You visited 1 branch of the dungeon, and saw 3 of its levels.

You collected 103 gold pieces.

Inventory:

Hand Weapons
 a - a +0 long sword (weapon)
Armour
 b - a +0 scale mail (worn)
 c - a +0 buckler (worn)
Jewellery
 g - a ring of protection from fire (left hand)
 i - a ring of ice
Scrolls
 f - a scroll of fear {unknown}
 j - 2 scrolls of identify {unknown}
 k - a scroll of amnesia {unknown}
 m - a scroll of fog {unknown}
 n - a scroll of immolation {unknown}
Potions
 d - a potion of might
 e - a potion of brilliance {unknown}
 h - 3 potions of degeneration {unknown}
 l - 2 potions of ambrosia {unknown}


   Skills:
 - Level 2.6 Fighting
 + Level 3.4 Long Blades
 - Level 2.4 Armour
 - Level 2.6 Shields


You had 2 spell levels left.
You didn't know any spells.
Your spell library contained the following spells:

 Spells                   Type           Power      Damage    Failure   Level
 Fulminant Prism          Conj/Hex       0%         3d6       100%        4
 Iskenderun's Mystic Bla  Conj/Tloc      0%         2d3       100%        4
 Lee's Rapid Deconstruct  Erth           0%         3d5*      100%        5


Dungeon Overview and Level Annotations

Branches:
Dungeon (3/15)

Altars:


Innate Abilities, Weirdness & Mutations

You have extremely sharp teeth.
When hurt, damage is shared between your health and your magic reserves.
Your bite disrupts and absorbs the magic of your enemies.
Potions cannot restore your health.


Message History

You climb downwards.
The quokka closely misses you.
The orc wizard gestures at you while chanting.
You resist with some effort. You block the quokka's attack.
There is a stone staircase leading up here.
You block the quokka's attack.
The orc priest mumbles some strange prayers to Beogh against you.
Beogh smites you!
You climb upwards.
There is a stone staircase leading down here.
You slash the quokka!
You kill the quokka!
There is a stone staircase leading down here.
You start resting.
Magic restored.
You start resting.
HP restored.
You climb downwards.
There is a stone staircase leading up here.
You climb upwards.
There is a stone staircase leading down here.
You miss the orc wizard. Your bite misses the orc wizard.
The orc wizard casts a spell.
The orc wizard flickers and vanishes!
Deactivating autopickup; reactivate with Ctrl-A.
Something hits you.
You miss something. Your bite misses something. Something hits you.
You barely miss something. Something hits you.
You closely miss something. Your bite misses something. Something hits you.
You miss something. Something hits you.
You miss something.
You hear some strange, mumbled words.
A puff of flame appears from out of thin air!
The puff of flame hits you. You resist.
* * * LOW HITPOINT WARNING * * *
Something hits you but does no damage.
You miss something. Your bite misses something.
You hear some strange, mumbled words.
A puff of flame appears from out of thin air!
The puff of flame hits you. You resist.
You die...

############
#.....#....############
###.##.#.##.#...........
#.....[#.##.#...........
#.##.##@.<..'...........
#.##.##.{.###...........
#########'##.##...###...........
#.......................(.......
#...........###.................
#..........)# ######.###########
#...........# #..........##
#...........#################.##
#..................## #######.##


There were no monsters in sight!

Vanquished Creatures
  An orc (D:2)
  5 ball pythons
  5 bats
  3 endoplasms
  3 giant cockroaches
  3 goblins
  3 hobgoblins
  3 jackals (D:2)
  A quokka (D:2)
  3 kobolds
  3 rats
33 creatures vanquished.

Notes
Turn   | Place    | Note
-------+----------+-------------------------------------------
     0 | D:1      | BALLS the Vine Stalker Fighter began the quest for the Orb.
     0 | D:1      | Reached XP level 1. HP: 11/11 MP: 2/2
   216 | D:1      | Reached skill level 2 in Long Blades
   526 | D:2      | Reached XP level 2. HP: 16/16 MP: 3/3
   774 | D:1      | Found a faded altar of an unknown god.
  1167 | D:1      | Reached skill level 3 in Long Blades
  1474 | D:2      | Reached XP level 3. HP: 14/19 MP: 4/4
  2389 | D:2      | Killed from afar by an orc wizard

Illustrated notes

Levels and vault maps discovered:
D:1:      dpeg_arrival_tiny_a, layout_basic,
          hellmonk_ecumenical_altar_crossroads, serial_forest,
          infiniplex_forest_lined_room_2, infiniplex_forest_lined_room_2,
          infiniplex_forest_corner_2, infiniplex_forest_straight_4,
          infiniplex_forest_straight_3, infiniplex_forest_straight_4,
          infiniplex_forest_clump_tiny, infiniplex_forest_clump_small,
          infiniplex_forest_end_1, roderic_three_in_a_row, minmay_misc_feat_tiny
D:2:      layout_basic, minivault_27
D:3:      layout_basic, chequers_garden

Skill      XL: |  1  2 |
---------------+-------+-----
Long Blades    | 2 3 |  3.4
Fighting       | |  2.6
Armour         | |  2.4
Shields        | |  2.6

Action                   || total
-------------------------++-------
Melee: Long sword        ||    94
       Bite              ||    26
Armor: Scale mail        ||    39
Dodge: Dodged            ||    45
Block: Buckler           ||    24
